[Event "42nd Olympiad Baku 2016 Open"]
[Site "Baku"]
[Date "2016.09.06"]
[Round "5.32"]
[White "Medina Viana, Ricardo"]
[Black "Aguiar, Cristiano"]
[Result "1/2-1/2"]
[ECO "D05"]
[WhiteElo "2016"]
[BlackElo "2208"]
[Annotator ""]
[PlyCount "109"]
[EventDate "2016.??.??"]
[EventType "team-tourn"]
[EventCountry "AZE"]
[SourceTitle "playchess.com"]
[Source "ChessBase"]
[WhiteTeam "Honduras"]
[BlackTeam "Angola"]
[WhiteTeamCountry "HON"]
[BlackTeamCountry "ANG"]
[TimeControl "40/5400+30:1800+30"]

1. d4 {(00:00)} d5 {(00:00)} 2. e3 {(00:00)} Nf6 {(
00:03)} 3. Bd3 {(00:18)} e6 {(00:33)} 4. f4 {(00:48)} c5 {
(00:24)} 5. c3 {(00:07)} Nc6 {(00:57)} 6. Nf3 {(00:
28)} Ne4 {(04:52)} 7. O-O {(04:32)} Be7 {(08:35)} 8. Nbd2
{(08:19)} f5 {(01:24)} 9. Ne5 Nxe5 {(04:42)} 10. fxe5 {
(04:22)} O-O {(01:17)} 11. Nxe4 {(05:56)} fxe4 {(
01:18)} 12. Be2 {(00:41)} Bd7 {(02:02)} 13. Bd2 {(05:50)}
Bg5 {(07:13)} 14. Rxf8+ {(09:42)} Kxf8 {(00:26)} 15. Qb3 {
(02:25)} Kg8 {(10:01)} 16. Rf1 {(08:31)} b5 {(13:
00)} 17. dxc5 {(23:19)} Qb8 {(17:45)} 18. Qa3 {(02:56)} a5
{(03:57)} 19. Qb3 {(02:14)} Be7 {(00:27)} 20. Qc2 {
(06:07)} Bxc5 {(00:20)} 21. b4 {(00:47)} axb4 {(01:
15)} 22. cxb4 {(00:09)} Bb6 {(00:01)} 23. Kh1 {(08:45)}
Qa7 {(05:21)} 24. Bg4 {(03:39)} Qxa2 {(00:44)} 25. Qc1 {
(00:41)} Rc8 {(00:38)} 26. Qe1 {(00:16)} Qa8 {(03:
17)} 27. Qh4 {(00:40)} Rf8 {(00:58)} 28. Rc1 {(00:26)} Qa3
{(04:14)} 29. Qe1 {(01:08)} Qb2 {(01:46)} 30. Bc3 {
(00:40)} Qf2 {(00:09)} 31. Bd4 {(00:41)} Bxd4 {(00:
37)} 32. Qxf2 {(00:06)} Rxf2 {(00:04)} 33. exd4 {(00:04)}
Kf7 {(00:47)} 34. Kg1 {(00:34)} Rd2 {(00:36)} 35. Rd1 {
(00:39)} Rb2 {(00:08)} 36. Bh5+ {(00:24)} g6 {(00:
17)} 37. Bg4 {(00:18)} Rxb4 {(04:40)} 38. Kf2 {(00:21)}
Rb2+ {(00:17)} 39. Be2 {(00:07)} b4 {(00:56)} 40. Ke3 {
(00:00)} b3 {(00:00)} 41. Ra1 {(00:41)} Ra2 {(08:
05)} 42. Rb1 {(02:51)} Ba4 {(00:12)} 43. g4 {(01:10)} g5 {
(00:17)} 44. h3 {(05:07)} Ke7 {(00:38)} 45. Bd1 {(
12:48)} Kd8 {(00:14)} 46. Be2 {(01:43)} Kc7 {(01:05)} 47.
Bd1 {(01:32)} Kb6 {(00:19)} 48. h4 {(02:03)} h6 {(
00:09)} 49. hxg5 {(00:26)} hxg5 {(00:07)} 50. Rc1 {(04:29]
} b2 {(00:28)} 51. Rb1 {(00:48)} Bxd1 {(00:08)} 52. Rxb2+
{(00:16)} Bb3 {(01:43)} 53. Rxb3+ {(00:21)} Kc7 {(
00:11)} 54. Rb7+ {(00:16)} Kc6 {(00:54)} 55. Rb6+ {(00:16]
} 1/2-1/2

[Event "42nd Olympiad Baku 2016 Open"]
[Site "Baku"]
[Date "2016.09.06"]
[Round "5.22"]
[White "Meier, Georg"]
[Black "Mollah Abdullah, Al Rakib"]
[Result "1-0"]
[ECO "A05"]
[WhiteElo "2654"]
[BlackElo "2488"]
[Annotator ""]
[PlyCount "93"]
[EventDate "2016.??.??"]
[EventType "team-tourn"]
[EventCountry "AZE"]
[SourceTitle "playchess.com"]
[Source "ChessBase"]
[WhiteTeam "Germany"]
[BlackTeam "Bangladesh"]
[WhiteTeamCountry "GER"]
[BlackTeamCountry "BAN"]
[TimeControl "40/5400+30:1800+30"]

1. Nf3 {(00:00)} Nf6 {(00:00)} 2. g3 {(00:48)} b6 {
(00:23)} 3. Bg2 {(00:18)} Bb7 {(00:03)} 4. O-O {(
00:10)} g6 {(00:38)} 5. c4 {(00:19)} Bg7 {(00:05)} 6. d4 {
(00:08)} O-O {(00:10)} 7. Re1 {(00:06)} e6 {(04:37]
} 8. Bf4 {(00:36)} d6 {(01:08)} 9. Qc2 {(02:11)} Nc6 {
(16:24)} 10. Nc3 {(17:28)} Nd7 {(25:10)} 11. d5 {(
10:45)} Nb4 {(08:44)} 12. Qd2 {(03:26)} e5 {(02:29)} 13.
Bg5 {(03:01)} f6 {(00:17)} 14. Be3 {(00:41)} a5 {(
00:17)} 15. a3 {(00:25)} Na6 {(00:04)} 16. Rab1 {(00:28)}
Nac5 {(05:32)} 17. b4 {(00:21)} axb4 {(00:02)} 18. axb4 {
(00:05)} Na6 {(02:17)} 19. Ne4 {(18:33)} Qe7 {(03:
01)} 20. Rec1 {(04:05)} Rfd8 {(08:27)} 21. h4 {(02:33)}
Nf8 {(01:58)} 22. Nh2 {(06:22)} Bc8 {(01:37)} 23. Rb3 {
(02:33)} Qe8 {(02:55)} 24. Ra3 {(10:34)} Bb7 {(00:
30)} 25. Rb1 {(09:03)} Kh8 {(03:03)} 26. Nc3 {(01:20)} Nd7
{(05:29)} 27. Nb5 {(01:48)} Qe7 {(00:37)} 28. Rba1 {
(00:33)} e4 {(02:00)} 29. Bd4 {(01:49)} Ne5 {(00:
16)} 30. Qc3 {(01:26)} c5 {(01:01)} 31. dxc6 {(00:11)}
Nxc6 {(00:04)} 32. Bxb6 {(00:18)} Rdc8 {(00:06)} 33. Qd2 {
(01:01)} d5 {(01:49)} 34. cxd5 {(01:29)} Ncxb4 {(
00:07)} 35. d6 {(00:34)} Qd7 {(00:11)} 36. Nc7 {(00:38)}
Nxc7 {(01:12)} 37. Bxc7 {(00:17)} Na6 {(02:57)} 38. Bxe4 {
(01:44)} Bxe4 {(02:34)} 39. Rxa6 {(00:06)} Rxa6 {(
00:05)} 40. Rxa6 {(00:00)} h5 {(00:00)} 41. Ra7 {(11:44)}
Ra8 {(07:16)} 42. Rxa8+ {(00:57)} Bxa8 {(00:03)} 43. Nf3 {
(00:45)} Kh7 {(00:37)} 44. Qd3 {(01:25)} Bc6 {(01:
52)} 45. Nd4 {(01:51)} Ba4 {(00:25)} 46. Qc4 {(03:13)} Qe8
{(05:10)} 47. Qe6 {(00:44)} 1-0

[Event "42nd Olympiad Baku 2016 Open"]
[Site "Baku"]
[Date "2016.09.06"]
[Round "5.17"]
[White "Mesfin, Leykun"]
[Black "Rayes, Abdul Kader"]
[Result "1-0"]
[ECO "C95"]
[WhiteElo "2129"]
[BlackElo "2254"]
[Annotator ""]
[PlyCount "243"]
[EventDate "2016.??.??"]
[EventType "team-tourn"]
[EventCountry "AZE"]
[SourceTitle "playchess.com"]
[Source "ChessBase"]
[WhiteTeam "Ethiopia"]
[BlackTeam "Syria"]
[WhiteTeamCountry "ETH"]
[BlackTeamCountry "SYR"]
[TimeControl "40/5400+30:1800+30"]

1. e4 e5 {(00:00)} 2. Nf3 {(00:00)} Nc6 {(00:31)} 3. Bb5 {
(00:19)} a6 {(00:05)} 4. Ba4 {(00:07)} Nf6 {(00:05]
} 5. O-O {(01:11)} Be7 {(00:23)} 6. Re1 {(00:12)} b5 {
(00:06)} 7. Bb3 {(00:03)} d6 {(00:16)} 8. c3 {(02:
41)} O-O {(00:09)} 9. h3 {(00:51)} Nb8 {(00:14)} 10. d4 {
(00:59)} Nbd7 {(00:02)} 11. Nbd2 {(01:14)} Bb7 {(
00:02)} 12. Bc2 {(01:46)} Re8 {(00:11)} 13. Nf1 {(00:48)}
Bf8 {(00:15)} 14. Ng3 {(00:34)} g6 {(00:05)} 15. Bg5 {
(05:56)} h6 {(00:48)} 16. Bd2 {(03:28)} c5 {(02:02]
} 17. d5 {(02:30)} c4 {(00:13)} 18. Nh2 {(04:16)} h5 {
(02:51)} 19. Nf3 {(00:33)} Be7 {(00:39)} 20. Bh6 {(
07:28)} Nh7 {(07:28)} 21. Qd2 {(06:31)} Nc5 {(02:02)} 22.
Rad1 {(06:33)} Bf6 {(02:34)} 23. Be3 {(03:57)} Rc8 {
(00:23)} 24. Bb1 {(02:04)} Rc7 {(02:35)} 25. Kh2 {(
05:56)} Bc8 {(02:32)} 26. Qe2 {(04:36)} Qe7 {(01:14)} 27.
Bc1 {(07:05)} Kh8 {(02:21)} 28. Nf1 {(02:32)} Bd7 {
(05:49)} 29. Ne3 {(00:49)} Kg7 {(03:27)} 30. g3 {(
04:53)} Rh8 {(01:05)} 31. Kg2 {(00:27)} Rcc8 {(07:39)} 32.
Rh1 {(01:09)} Ng5 {(04:12)} 33. Nxg5 {(02:00)} Bxg5 {
(00:32)} 34. Rdf1 {(04:00)} Rce8 {(05:03)} 35. Bc2 {
(04:33)} Bc8 {(09:00)} 36. f3 {(01:59)} h4 {(01:23]
} 37. g4 {(09:30)} Bf4 {(03:38)} 38. Rd1 {(00:19)} Bd7 {
(00:57)} 39. Rhe1 {(01:47)} Qf6 {(02:51)} 40. Nf1 {
(00:00)} Re7 {(00:00)} 41. Be3 {(03:15)} Rc8 {(08:
32)} 42. Qd2 {(04:11)} Be8 {(02:14)} 43. Bxf4 {(05:27)}
exf4 {(01:41)} 44. Qf2 {(01:57)} Re5 {(00:52)} 45. Nd2 {
(01:07)} Qd8 {(00:40)} 46. Nb1 {(01:48)} Kh6 {(04:
50)} 47. Na3 {(00:50)} Bd7 {(05:54)} 48. Bb1 {(01:11)} Qf6
{(01:33)} 49. Qd2 {(00:58)} Kg7 {(01:29)} 50. Rf1 {
(00:44)} Ree8 {(01:19)} 51. Nc2 {(00:57)} Nd3 {(00:
50)} 52. Nd4 {(00:19)} Ne5 {(00:08)} 53. Ne2 {(00:36)} g5
{(00:10)} 54. Nd4 {(00:21)} Rc5 {(01:10)} 55. Rfe1 {
(01:25)} Rec8 {(01:06)} 56. Rc1 {(00:24)} Qd8 {(03:
43)} 57. Re2 {(02:03)} Qb6 {(01:17)} 58. a3 {(02:44)} Rb8
{(01:16)} 59. Rce1 {(00:12)} Rcc8 {(00:38)} 60. Rd1 {
(00:55)} Qc5 {(01:31)} 61. Rde1 {(05:14)} Rc7 {(01:
40)} 62. Rd1 {(05:39)} Kf8 {(01:57)} 63. Nf5 {(00:54)}
Bxf5 {(00:09)} 64. exf5 {(00:16)} f6 {(00:17)} 65. Be4 {
(02:18)} Kg7 {(08:58)} 66. Qd4 {(00:33)} Kh6 {(01:
17)} 67. Qxc5 {(00:06)} Rxc5 {(00:01)} 68. Kf2 {(00:25)}
Kg7 {(00:57)} 69. Ke1 {(00:09)} Re8 {(00:33)} 70. Rdd2 {
(00:53)} Nd7 {(01:53)} 71. Kd1 {(01:23)} Re5 {(00:
07)} 72. Kc2 {(00:10)} Nb6 {(00:14)} 73. Rf2 {(00:58)} Kf7
{(03:41)} 74. Rd4 {(00:24)} Nxd5 {(00:41)} 75. Kc1 {
(00:01)} Ne3 {(03:05)} 76. Rxd6 {(00:23)} a5 {(01:
27)} 77. Rfd2 {(00:40)} b4 {(00:19)} 78. Rd7+ {(00:44)}
Re7 {(00:10)} 79. Rd8 {(00:18)} bxa3 {(00:21)} 80. bxa3 {
(00:01)} Rb5 {(00:52)} 81. Rh8 {(00:34)} Rbe5 {(03:
17)} 82. Rh7+ {(01:14)} Kg8 {(00:14)} 83. Rh6 {(00:19)}
Kg7 {(00:30)} 84. Rg6+ {(00:05)} Kf7 {(01:17)} 85. Rd6 {
(00:15)} Rxe4 {(00:14)} 86. Rgxf6+ {(00:42)} Ke8 {(
00:16)} 87. fxe4 {(00:12)} f3 {(00:06)} 88. Rd2 {(00:08)}
Rd7 {(03:59)} 89. Rf2 {(00:58)} Rd1+ {(00:45)} 90. Kb2 {
(00:07)} Rd3 {(00:06)} 91. Rxf3 {(01:29)} Nd1+ {(
00:03)} 92. Kc2 {(00:01)} Rxf3 {(00:07)} 93. Kxd1 {(00:02]
} Rxh3 {(00:49)} 94. e5 {(00:33)} Rxc3 {(01:49)} 95. e6 {
(00:45)} Rxa3 {(00:54)} 96. Rg6 {(00:16)} Re3 {(00:
11)} 97. Kd2 {(00:59)} Re4 {(00:09)} 98. Rxg5 {(00:05)}
Ke7 {(03:09)} 99. Rg7+ {(00:12)} Kd6 {(01:00)} 100. Rd7+ {
(00:28)} Kc6 {(00:23)} 101. g5 {(01:46)} Re5 {(02:
01)} 102. f6 {(00:48)} h3 {(03:54)} 103. Rh7 {(00:23)} Kd6
{(00:27)} 104. Rxh3 {(00:34)} Kxe6 {(00:32)} 105. Rg3 {
(00:04)} Rd5+ {(00:30)} 106. Kc3 {(00:03)} Rd8 {(
00:12)} 107. Kxc4 {(00:39)} Rb8 {(00:44)} 108. Ra3 {(00:
31)} Rc8+ {(00:34)} 109. Kd4 {(00:09)} Ra8 {(00:23)} 110.
Ke4 {(00:05)} a4 {(00:04)} 111. Kf4 {(00:03)} Ra5 {
(00:12)} 112. Kg4 {(00:24)} Ra8 {(00:21)} 113. Kh5 {
(00:11)} Kf5 {(00:06)} 114. Rf3+ {(00:32)} Ke4 {(
00:10)} 115. Rf1 {(00:23)} a3 {(00:44)} 116. f7 {(00:15)}
a2 {(01:00)} 117. g6 {(00:20)} Rb8 {(01:26)} 118. Ra1 {
(00:47)} Kf4 {(00:37)} 119. g7 {(00:21)} Rb5+ {(00:
28)} 120. Kg6 {(00:10)} Rg5+ {(00:32)} 121. Kf6 {(00:06)}
Rg2 {(00:26)} 122. g8=Q {(00:19)} 1-0

[Event "42nd Olympiad Baku 2016 Open"]
[Site "Baku"]
[Date "2016.09.06"]
[Round "5.2"]
[White "Mfune, Petros"]
[Black "Kett, Tim"]
[Result "1/2-1/2"]
[ECO "B34"]
[WhiteElo "1993"]
[BlackElo "2227"]
[Annotator ""]
[PlyCount "84"]
[EventDate "2016.??.??"]
[EventType "team-tourn"]
[EventCountry "AZE"]
[SourceTitle "playchess.com"]
[Source "ChessBase"]
[WhiteTeam "MAW"]
[BlackTeam "Wales"]
[BlackTeamCountry "WLS"]
[TimeControl "40/5400+30:1800+30"]

1. e4 {(00:00)} c5 {(00:00)} 2. Nf3 {(00:05)} Nc6 {
(00:14)} 3. d4 {(00:12)} cxd4 {(00:11)} 4. Nxd4 {(
00:11)} Nf6 {(00:13)} 5. Nc3 {(00:31)} e5 {(00:25)} 6.
Ndb5 {(02:41)} d6 {(00:36)} 7. Bd3 {(00:55)} a6 {(
02:50)} 8. Na3 {(00:05)} Be7 {(02:27)} 9. O-O {(04:07)}
O-O {(00:20)} 10. Nc4 {(02:14)} Be6 {(08:02)} 11. Ne3 {
(04:11)} Rc8 {(01:20)} 12. Ncd5 {(01:17)} Bxd5 {(
00:53)} 13. Nxd5 {(00:19)} Nxd5 {(00:54)} 14. exd5 {(00:
08)} Nb8 {(07:12)} 15. f4 {(10:03)} Nd7 {(06:54)} 16. Bf5
{(06:48)} g6 {(06:24)} 17. Bxd7 {(15:42)} Qxd7 {(
00:08)} 18. Qd3 {(06:14)} Qb5 {(24:08)} 19. Qxb5 {(03:41)}
axb5 {(00:54)} 20. c3 {(00:02)} Rc5 {(07:40)} 21. Rd1 {
(04:06)} Bf6 {(00:39)} 22. a4 {(05:08)} b4 23. cxb4 {
(01:02)} Rc4 {(10:37)} 24. b3 {(00:21)} Rxb4 {(03:
03)} 25. Ba3 {(02:25)} Rb6 {(03:51)} 26. a5 {(04:36)} Ra6
{(03:13)} 27. Bb2 {(00:14)} Kg7 {(02:03)} 28. fxe5 {
(04:28)} Bxe5 {(00:12)} 29. Bxe5+ {(00:20)} dxe5 {(
00:05)} 30. d6 {(03:06)} Kf6 {(03:58)} 31. Rac1 {(07:50)}
Rxa5 {(02:01)} 32. Rc7 {(00:13)} Rb5 {(01:56)} 33. Re7 {
(03:31)} e4 {(01:43)} 34. Rxe4 {(00:24)} Re5 {(00:
34)} 35. Rb4 {(00:30)} b5 {(00:19)} 36. d7 {(01:13)} Rd8 {
(00:30)} 37. Rbd4 {(01:08)} Ke6 {(00:47)} 38. b4 {(
00:06)} f5 {(00:28)} 39. Kf2 {(00:30)} g5 {(00:30)} 40.
Rd6+ {(00:00)} Kf7 {(00:00)} 41. Rh6 {(02:15)} Kg7 {
(02:16)} 42. Rc6 {(01:51)} Kf7 {(00:13)} 1/2-1/2

[Event "42nd Olympiad Baku 2016 Open"]
[Site "Baku"]
[Date "2016.09.06"]
[Round "5.33"]
[White "Michaelides, Konstantinos"]
[Black "Mueller, Leonhard"]
[Result "0-1"]
[ECO "B06"]
[WhiteElo "2060"]
[BlackElo "2204"]
[Annotator ""]
[PlyCount "56"]
[EventDate "2016.??.??"]
[EventType "team-tourn"]
[EventCountry "AZE"]
[SourceTitle "playchess.com"]
[Source "ChessBase"]
[WhiteTeam "Cyprus"]
[BlackTeam "Namibia"]
[WhiteTeamCountry "CYP"]
[BlackTeamCountry "NAM"]
[TimeControl "40/5400+30:1800+30"]

1. e4 {(00:00)} g6 {(00:00)} 2. d4 {(00:00)} Bg7 {(
00:00)} 3. Nc3 {(00:25)} d6 {(00:00)} 4. Be3 {(00:29)} a6
{(00:00)} 5. Qd2 {(00:44)} b5 {(00:14)} 6. O-O-O {(
01:15)} Nd7 {(00:32)} 7. f4 {(10:21)} Bb7 {(02:15)} 8. d5
{(02:37)} Ngf6 {(10:01)} 9. Qd3 {(05:01)} O-O {(02:
39)} 10. Nf3 {(06:13)} c5 {(02:59)} 11. dxc6 {(09:41)}
Bxc6 {(00:07)} 12. Nd5 {(00:44)} Rc8 {(07:18)} 13. Nd2 {
(09:16)} Bxd5 {(06:05)} 14. exd5 {(00:15)} Nb6 {(
00:22)} 15. Bxb6 {(01:59)} Qxb6 {(00:30)} 16. Ne4 {(02:35]
} Rc7 {(04:37)} 17. Nxf6+ {(08:24)} Bxf6 {(00:06)} 18. Qe4
{(01:29)} b4 {(04:12)} 19. Kb1 {(03:04)} a5 {(00:
39)} 20. Bc4 {(12:33)} a4 {(01:41)} 21. h4 {(02:23)} Rfc8
{(02:32)} 22. b3 {(13:48)} Rxc4 {(13:44)} 23. bxc4 {
(00:19)} b3 {(00:04)} 24. a3 {(00:45)} bxc2+ {(05:
36)} 25. Kxc2 {(00:08)} Qb3+ {(00:41)} 26. Kd2 {(00:09)}
Rxc4 {(00:48)} 27. Qb1 {(04:23)} Qg3 {(05:41)} 28. Rhe1 {
(03:45)} Qf2+ {(11:57)} 0-1

[Event "42nd Olympiad Baku 2016 Open"]
[Site "Baku"]
[Date "2016.09.06"]
[Round "5.1"]
[White "Minero Pineda, Sergio"]
[Black "Rozentalis, Eduardas"]
[Result "0-1"]
[ECO "E11"]
[WhiteElo "2391"]
[BlackElo "2565"]
[Annotator ""]
[PlyCount "106"]
[EventDate "2016.??.??"]
[EventType "team-tourn"]
[EventCountry "AZE"]
[SourceTitle "playchess.com"]
[Source "ChessBase"]
[WhiteTeam "Costa Rica"]
[BlackTeam "Lithuania"]
[WhiteTeamCountry "CRI"]
[BlackTeamCountry "LTU"]
[TimeControl "40/5400+30:1800+30"]

1. d4 {(00:00)} Nf6 {(00:00)} 2. c4 {(00:00)} e6 {(
00:00)} 3. Nf3 {(00:00)} Bb4+ {(00:49)} 4. Nbd2 {(00:14)}
O-O {(01:09)} 5. a3 {(01:19)} Bxd2+ {(00:32)} 6. Qxd2 {
(00:09)} d6 {(00:30)} 7. e3 {(01:19)} Qe7 {(00:42)}
8. Be2 {(02:11)} e5 {(03:01)} 9. O-O {(07:02)} Bg4 {
(03:16)} 10. b4 {(03:53)} Nbd7 {(01:40)} 11. Bb2 {(
01:25)} e4 {(06:20)} 12. Ne1 {(01:02)} Bxe2 {(00:09)} 13.
Qxe2 {(00:03)} c6 {(00:15)} 14. a4 {(09:36)} a6 {(
04:26)} 15. Nc2 {(06:52)} Rfe8 {(01:50)} 16. Na3 {(12:26)}
Nb6 {(11:41)} 17. Qc2 {(08:26)} d5 {(02:22)} 18. Rfb1 {
(14:22)} Nxc4 {(04:08)} 19. Nxc4 {(00:07)} dxc4 {(
00:04)} 20. Qxc4 {(00:05)} Qd7 {(00:30)} 21. Bc3 {(02:41)}
Nd5 {(01:21)} 22. Be1 {(00:50)} Rac8 {(03:35)} 23. Qb3 {
(05:32)} b5 {(02:39)} 24. axb5 {(01:00)} axb5 {(00:
07)} 25. Ra6 {(00:10)} h5 {(05:57)} 26. Rba1 {(01:20)} Qf5
{(08:36)} 27. Qc2 {(01:05)} Re6 {(01:34)} 28. Ra8 {
(04:21)} Rxa8 {(00:48)} 29. Rxa8+ {(00:07)} Kh7 {(
00:03)} 30. Ra6 {(03:58)} Ne7 {(03:12)} 31. Kf1 {(06:41)}
Rg6 {(02:18)} 32. h3 {(00:32)} Nd5 {(03:35)} 33. Ra3 {
(00:15)} Rf6 {(04:16)} 34. Qe2 {(00:32)} Nb6 {(03:
05)} 35. Rc3 {(02:52)} Nc4 {(00:42)} 36. Kg1 {(00:12)} Kg8
{(03:44)} 37. Kh1 {(00:36)} Rg6 {(01:42)} 38. Rb3 {
(01:05)} Qg5 {(01:32)} 39. Qf1 {(00:13)} Qd5 {(04:
44)} 40. Rc3 {(00:00)} Re6 {(00:00)} 41. Rc2 {(06:00)} Re8
{(02:26)} 42. Qe2 {(01:12)} Ra8 {(00:33)} 43. Rc1 {
(08:51)} Ra3 {(02:28)} 44. Kg1 {(00:08)} Rb3 {(05:
43)} 45. Qa2 {(03:10)} Rb2 {(02:56)} 46. Qa1 {(00:48)} Re2
{(04:32)} 47. Kf1 {(10:00)} Ra2 {(01:26)} 48. Qc3 {
(00:54)} Ra3 {(02:32)} 49. Qc2 {(00:35)} Rxe3 {(00:
47)} 50. Bc3 {(00:07)} Rd3 {(00:45)} 51. Qe2 {(00:06)} Qf5
{(02:46)} 52. Kg1 {(00:14)} Rxh3 {(01:33)} 53. Qa2 {
(04:12)} Qf4 {(01:17)} 0-1

[Event "42nd Olympiad Baku 2016 Open"]
[Site "Baku"]
[Date "2016.09.06"]
[Round "5.6"]
[White "Mohammed, Zozek Salah Mohamme"]
[Black "Ng, Tze Han"]
[Result "1-0"]
[ECO "E46"]
[WhiteElo "2251"]
[BlackElo "2190"]
[Annotator ""]
[PlyCount "83"]
[EventDate "2016.??.??"]
[EventType "team-tourn"]
[EventCountry "AZE"]
[SourceTitle "playchess.com"]
[Source "ChessBase"]
[WhiteTeam "Iraq"]
[BlackTeam "Malaysia"]
[WhiteTeamCountry "IRQ"]
[BlackTeamCountry "MAS"]
[TimeControl "40/5400+30:1800+30"]

1. d4 {(00:00)} Nf6 {(00:00)} 2. c4 {(00:00)} e6 {(
00:00)} 3. Nc3 {(00:00)} Bb4 {(00:00)} 4. e3 {(00:00)} O-O
{(01:31)} 5. Nge2 {(00:00)} c6 {(00:58)} 6. a3 {(
00:52)} Ba5 {(00:16)} 7. Qc2 {(00:07)} d5 {(01:42)} 8. Ng3
{(00:09)} Nbd7 {(03:57)} 9. Be2 {(07:58)} dxc4 {(
14:31)} 10. Bxc4 {(00:36)} Nd5 {(04:21)} 11. O-O {(04:47)}
Bc7 {(08:45)} 12. e4 {(01:32)} N5b6 {(02:27)} 13. Ba2 {
(03:13)} e5 {(11:41)} 14. Be3 {(00:29)} exd4 {(02:
31)} 15. Bxd4 {(00:05)} Ne5 {(01:02)} 16. Rad1 {(03:54)}
Qh4 {(00:33)} 17. f3 {(02:54)} Nbc4 {(06:56)} 18. Qe2 {
(13:14)} b5 {(02:47)} 19. a4 {(08:50)} a6 {(05:33)}
20. b3 {(01:46)} Na5 {(00:31)} 21. Nf5 {(10:38)} Bxf5 {
(02:05)} 22. exf5 {(00:45)} Nd3 {(03:42)} 23. g4 {(
14:53)} Nf4 {(05:48)} 24. Qb2 {(06:51)} Rad8 {(12:44)} 25.
Bxg7 {(11:58)} Rfe8 {(03:39)} 26. Rxd8 {(05:52)} Bxd8 {
(01:16)} 27. Ne4 {(00:59)} Rxe4 {(03:03)} 28. fxe4 {
(00:10)} Qxg4+ {(00:13)} 29. Kh1 {(00:18)} Ne2 {(
01:22)} 30. Bb1 {(00:16)} Bb6 {(00:30)} 31. Be5 {(00:50)}
f6 {(00:07)} 32. Bd3 {(01:19)} fxe5 {(00:31)} 33. Qxe2 {
(00:43)} Qxe2 {(00:18)} 34. Bxe2 {(00:01)} Nxb3 {(
00:15)} 35. axb5 {(00:07)} axb5 {(00:34)} 36. f6 {(01:06)}
Bc5 {(01:05)} 37. Bh5 {(00:16)} Kf8 {(00:38)} 38. Rb1 {
(00:56)} Na5 {(00:35)} 39. Ra1 {(00:28)} Bb6 {(00:
05)} 40. Ra2 {(00:00)} b4 {(00:00)} 41. f7 {(03:02)} b3 {
(01:32)} 42. Rg2 {(00:16)} 1-0

[Event "42nd Olympiad Baku 2016 Open"]
[Site "Baku"]
[Date "2016.09.06"]
[Round "5.21"]
[White "Mohamud Hussein Ali"]
[Black "Suringa Jr, Paquito"]
[Result "1-0"]
[ECO "D31"]
[WhiteElo "1606"]
[BlackElo "1712"]
[Annotator ""]
[PlyCount "65"]
[EventDate "2016.??.??"]
[EventType "team-tourn"]
[EventCountry "AZE"]
[SourceTitle "playchess.com"]
[Source "ChessBase"]
[WhiteTeam "SOM"]
[BlackTeam "PLW"]
[WhiteTeamCountry "SOM"]
[TimeControl "40/5400+30:1800+30"]

1. d4 {(00:00)} d5 {(00:16)} 2. c4 {(00:00)} e6 {(
00:51)} 3. Nc3 {(00:23)} Bb4 {(00:27)} 4. Nf3 {(00:57)}
Ne7 {(00:38)} 5. Bf4 {(01:59)} Bxc3+ {(01:59)} 6. bxc3 {
(00:08)} Bd7 {(00:52)} 7. e3 {(00:33)} Nbc6 {(01:
06)} 8. Bd3 {(04:36)} Na5 {(00:59)} 9. c5 b6 {(00:43)} 10.
cxb6 {(02:33)} axb6 {(00:25)} 11. O-O {(01:01)} O-O {
(00:18)} 12. Bxh7+ {(08:42)} Kxh7 {(05:33)} 13. Ng5+ {
(00:05)} Kg8 {(02:07)} 14. Qh5 {(00:14)} Re8 {(03:
51)} 15. Qxf7+ {(02:36)} Kh8 {(00:36)} 16. Qh5+ {(08:19)}
Kg8 {(04:51)} 17. Qh7+ {(01:05)} Kf8 {(02:51)} 18. Be5 {
(00:15)} Nf5 {(01:36)} 19. Bxg7+ {(00:11)} Nxg7 {(
01:27)} 20. Qh8+ {(00:13)} Ke7 {(00:49)} 21. Qxg7+ {(00:
07)} Kd6 {(02:11)} 22. Nf7+ {(00:11)} Kc6 {(00:20)} 23.
Nxd8+ {(00:10)} Raxd8 {(00:16)} 24. Qh7 {(01:00)} Rg8 {
(01:54)} 25. g3 {(00:28)} Rdf8 {(00:56)} 26. e4 {(
01:17)} Rh8 {(01:56)} 27. exd5+ {(00:15)} Kd6 {(00:39)}
28. Qg7 {(00:51)} Nc4 {(01:01)} 29. dxe6 {(01:42)} Bxe6 {
(02:22)} 30. Rfe1 {(02:11)} Rhg8 {(04:43)} 31. Qh6 {
(00:46)} Re8 {(03:39)} 32. d5 {(03:08)} Rh8 {(01:
16)} 33. Rxe6+ {(00:15)} 1-0

[Event "42nd Olympiad Baku 2016 Open"]
[Site "Baku"]
[Date "2016.09.06"]
[Round "5.8"]
[White "Moinzai, Khushal"]
[Black "Ben Youssef, Anis"]
[Result "1-0"]
[ECO "A05"]
[WhiteElo "1624"]
[BlackElo "1893"]
[Annotator ""]
[PlyCount "84"]
[EventDate "2016.??.??"]
[EventType "team-tourn"]
[EventCountry "AZE"]
[SourceTitle "playchess.com"]
[Source "ChessBase"]
[WhiteTeam "Afghanistan"]
[BlackTeam "Tunisia"]
[WhiteTeamCountry "AFG"]
[BlackTeamCountry "TUN"]
[TimeControl "40/5400+30:1800+30"]

1. Nf3 {(00:05)} Nf6 {(01:33)} 2. c4 {(01:44)} d5 {
(01:43)} 3. e3 {(01:40)} Nc6 {(00:45)} 4. d4 {(02:
08)} a6 {(01:09)} 5. h3 {(01:41)} h6 {(01:59)} 6. a3 {
(02:19)} e6 {(03:20)} 7. Nc3 {(03:09)} Be7 {(01:08]
} 8. Bd3 {(02:09)} O-O {(01:11)} 9. Bd2 {(01:12)} dxc4 {
(02:51)} 10. Bxc4 {(00:37)} b5 {(00:10)} 11. Ba2 {(
03:00)} b4 {(02:54)} 12. axb4 {(00:52)} Nxb4 {(00:20)} 13.
Bb1 {(00:35)} a5 {(00:33)} 14. O-O {(03:42)} Ba6 {(
01:14)} 15. Re1 {(02:59)} c5 {(00:23)} 16. Ne4 {(05:28)}
Qb6 {(11:47)} 17. dxc5 {(04:30)} Qc7 {(02:43)} 18. Nxf6+ {
(02:00)} Bxf6 {(00:20)} 19. Bxb4 {(01:14)} axb4 {(
01:19)} 20. Rxa6 {(01:01)} Rxa6 {(01:15)} 21. Qd3 {(07:02]
} Rfa8 {(00:13)} 22. c6 {(06:52)} Qxc6 {(02:15)} 23. Qh7+
{(00:46)} Kf8 {(00:27)} 24. Be4 {(00:57)} Qc8 {(03:
23)} 25. Bxa8 {(00:34)} Qxa8 {(00:35)} 26. Rc1 {(03:48)}
Ra1 {(05:23)} 27. Kh2 {(04:40)} g6 {(08:07)} 28. Qxh6+ {
(05:27)} Kg8 {(03:09)} 29. Rc4 {(02:49)} Qb8+ {(08:
24)} 30. g3 {(03:06)} Qd8 {(09:09)} 31. g4 {(11:14)} Rb1 {
(03:45)} 32. Rxb4 {(02:44)} Be7 {(04:18)} 33. Rd4 {
(02:10)} Qc7+ {(01:12)} 34. Kg2 {(01:24)} Qc1 {(03:
38)} 35. Ra4 {(02:41)} Qh1+ {(02:22)} 36. Kg3 {(00:10)}
Bd6+ {(00:11)} 37. Rf4 {(01:08)} Bxf4+ {(05:34)} 38. Qxf4
{(00:52)} Rxb2 {(00:33)} 39. Qf6 {(01:27)} Qd1 {(
02:26)} 40. Qxb2 {(00:00)} Qd8 {(00:00)} 41. Qd4 {(02:51)}
Qa8 {(02:38)} 42. Qf6 {(05:00)} Qe8 {(01:21)} 1-0